Map: Lost and Found LE

Players

Kade

  • Race: Protoss Protoss
  • League: Diamond
  • Spawn Location: 1:00

Woogie - Winner!

  • Race: Zerg Zerg
  • League: Diamond
  • Spawn Location: 7:00

VOD

Have the link to the VOD?

Description

This has been my standard for going against protoss lately.

Time

  • Played on: Sept. 17, 2018, 2:27 p.m.
  • Length: 10:56
Show
View Real Time Build Order
Export as new Build Order

Kade Protoss 

Build Orders: Blink Stalkers, Zealot Archon 

Get SALT Encoding   

  1  0:00  Probe  
  12  0:05  Probe  
  14  0:15  Probe  
  15  0:30  Pylon  
  15  0:48  Probe  
  16  0:52  Pylon  
  16  0:56  Forge  
  16  0:59  Gateway  
  16  1:03  Probe  
  17  1:16  Probe  
  18  1:34  Photon Cannon  
  18  1:47  Probe  
  18  1:49  Assimilator  
  18  1:52  Assimilator  
  19  1:57  Zealot, Cybernetics Core  
  19  2:05  Photon Cannon  
  21  2:10  Pylon  
  21  2:24  Probe  
  22  2:32  Probe  
  23  2:40  Probe  
  21  2:51  Nexus  
  22  2:52  Probe  
  22  2:55  Warp Gate  
  22  2:58  Pylon  
  23  3:16  Stalker, Probe  
  23  3:19  Twilight Council  
  26  3:28  Probe  
  27  3:42  Pylon  
  27  3:43  Probe  
  28  3:48  Zealot  
  28  3:51  Protoss Ground Weapons Level 1  
  28  3:54  Blink  
  28  3:55  Probe  
  31  4:00  Probe  
  31  4:07  Probe  
  31  4:08  Probe  
  34  4:17  Probe  
  34  4:18  Probe  
  36  4:25  Probe  
  36  4:30  Probe  
  38  4:33  Probe  
  38  4:35  Templar Archives  
  39  4:42  Probe, Assimilator  
  39  4:44  Assimilator  
  40  4:45  Probe  
  40  4:46  Pylon  
  41  4:54  Probe  
  41  4:58  Probe  
  43  5:00  Zealot  
  43  5:06  Probe  
  39  5:18  Probe  
  38  5:22  Zealot  
  38  5:24  Probe  
  35  5:30  Probe  
  35  5:32  Probe  
  35  5:34  Psionic Storm  
  34  5:40  Probe  
  34  5:46  Probe  
  36  5:52  Probe  
  36  5:56  Protoss Ground Weapons Level 2  
  37  5:58  Probe  
  37  6:04  Probe  
  38  6:08  Gateway  
  38  6:10  Probe, Gateway  
  40  6:12  Probe  
  41  6:20  Probe x2  
  43  6:28  Probe  
  43  6:30  Probe  
  45  6:36  Probe  
  33  6:46  Zealot  
  33  6:48  Probe  
  34  6:54  Probe  
  34  7:01  Probe  
  36  7:06  Probe  
  37  7:13  Probe  
  38  7:18  Probe  
  39  7:24  High Templar x2  
  39  7:25  Probe, Zealot  
  46  7:30  Probe  
  46  7:34  Archon  
  47  7:37  Probe  
  47  7:41  Gateway x2  
  47  7:43  Probe  
  49  7:49  Probe  
  33  7:56  Zealot  
  33  7:57  Zealot x2  
  39  7:59  Probe  
  39  8:01  Probe  
  41  8:07  Probe  
  42  8:13  Probe  
  43  8:20  High Templar  
  43  8:21  High Templar x2  
  43  8:25  Probe, Archon  
  50  8:37  Probe  
  49  8:50  Probe  
  50  8:58  Probe  
  51  9:05  Zealot x2  
  51  9:06  Zealot x2  
  51  9:07  High Templar  
  51  9:08  Probe  
  58  9:20  Probe  
  51  9:26  Stalker x2  
  51  9:27  Stalker  
  51  9:31  Probe  
  54  9:39  Probe  
  51  9:47  Probe  
  51  9:52  High Templar  
  50  9:55  High Templar, Zealot x2  
  50  9:56  Zealot  
  50  9:58  Probe  
  55  10:00  Archon  
  55  10:16  Zealot x2  
  55  10:17  Zealot  
Show
View Real Time Build Order
Export as new Build Order

Woogie Zerg - Winner!

Build Orders: Pool First, Muta Ling Bane 

Get SALT Encoding   

  12  0:01  Drone  
  13  0:10  Drone  
  14  0:26  Spawning Pool  
  13  0:32  Overlord  
  13  0:37  Drone  
  13  0:41  Extractor  
  13  0:43  Drone  
  14  0:54  Drone  
  14  0:55  Drone  
  16  1:12  Queen  
  16  1:13  Zergling x2  
  16  1:18  Zergling x2  
  20  1:28  Zergling x2  
  21  1:47  Metabolic Boost  
  21  1:54  Drone  
  22  1:55  Overlord  
  22  2:08  Hatchery  
  21  2:13  Drone  
  21  2:14  Drone  
  23  2:18  Queen  
  25  2:23  Drone  
  25  2:24  Drone  
  25  2:27  Extractor  
  26  2:30  Drone x2  
  27  2:46  Overlord  
  27  2:47  Drone  
  28  3:08  Lair  
  28  3:15  Drone x4  
  32  3:23  Pneumatized Carapace  
  32  3:30  Drone x5  
  37  3:36  Baneling Nest  
  36  3:55  Zergling x8  
  40  4:06  Evolution Chamber, Drone  
  40  4:13  Overlord x3  
  40  4:39  Baneling  
  40  4:40  Baneling x3  
  40  4:42  Zergling x20  
  50  4:47  Queen  
  50  4:48  Queen  
  54  5:04  Drone x4  
  54  5:22  Zergling x10  
  54  5:24  Overlord  
  54  5:25  Overlord x2  
  57  5:57  Drone x3  
  57  5:58  Drone x2  
  57  5:59  Extractor  
  57  6:00  Extractor  
  57  6:01  Drone x3  
  57  6:02  Drone x3  
  57  6:04  Baneling x4  
  66  6:07  Baneling  
  66  6:08  Baneling x3  
  66  6:22  Hatchery  
  60  6:42  Zergling x22  
  60  6:44  Baneling x7  
  60  6:46  Centrifical Hooks  
  70  6:49  Spire  
  69  7:10  Baneling  
  69  7:23  Overseer  
  69  7:24  Overseer  
  69  7:26  Spore Crawler  
  69  7:28  Spore Crawler  
  67  7:30  Zerg Ground Armor Level 1  
  65  8:04  Mutalisk  
  65  8:05  Mutalisk x5  
  67  8:06  Mutalisk  
  67  8:11  Drone x3  
  80  8:21  Infestation Pit  
  80  8:25  Evolution Chamber  
  77  8:42  Overlord  
  77  8:43  Overlord x4  
  77  8:52  Extractor x2, Drone x2  
  69  9:12  Queen x2  
  69  9:14  Queen  
  69  9:15  Zergling x2  
  69  9:16  Zergling x24  
  82  9:24  Drone x2  
  66  10:05  Mutalisk x5  
  66  10:06  Mutalisk x2  
  80  10:08  Drone x2  
  82  10:20  Hatchery  
Tags
 
Add a new tag
Caveats
  • Supply blocks, unpowered buildings, or Contaminate may cause inaccurate times.
  • Supply counts are checked every 10 seconds.